 Dungeon Crawl Stone Soup version 0.31-a0-232-gb1c03b2570 (webtiles) character file.

Game seed: 18261254530486959948

18 qw the Shooter (level 2, -5/24 HPs)
             Began as a Minotaur Hexslinger on July 6, 2023.
             Slain by a gnoll
             ... wielding a +0 flail
              (8 damage)
             ... on level 1 of the Dungeon.
             The game lasted 00:00:12 (537 turns).

qw the Shooter (Minotaur Hexslinger)                 Turns: 537, Time: 00:00:12

Health: -5/24      AC:  2    Str: 12    XL:     2   Next: 48%
Magic:  2/2        EV: 12    Int: 10    God:
Gold:   36         SH:  0    Dex: 12    Spells: 2/3 levels left

rFire   . . .        a - +1 sling
rCold   . . .        (no shield)
rNeg    . . .        c - +0 robe
rPois   .            (helmet restricted)
rElec   .            (no cloak)
rCorr   .            (no gloves)
SInv    .            (no boots)
Will    .....        (no amulet)
Stlth   +            (no ring)
HPRegen 0.24/turn    (no ring)
MPRegen 0.08/turn

%: no passive effects
@: no status effects
A: horns 2, retaliatory headbutt
a: no special abilities


You were on level 1 of the Dungeon.
You visited 1 branch of the dungeon, and saw 1 of its levels.

You collected 60 gold pieces.
You spent 24 gold pieces at shops.


Innate Abilities, Weirdness & Mutations

You have a pair of horns on your head.
You reflexively headbutt those who attack you in melee.


   Skills:
 - Level 2.0 Fighting
 + Level 3.1 Ranged Weapons
 - Level 2.1 Dodging
 - Level 1.0 Spellcasting
 - Level 2.0 Hexes


You had 2 spell levels left.
You knew the following spells:

 Your Spells              Type           Power      Damage    Failure   Level
a - Slow                  Hex            16%        N/A       16%         1

Your spell library contained the following spells:

 Spells                   Type           Power      Damage    Failure   Level
 Inner Flame              Hex/Fire       2%         N/A       56%         3
 Portal Projectile        Hex/Tloc       4%         N/A       56%         3
 Cause Fear               Hex            2%         N/A       83%         4

Inventory:

Hand Weapons
 a - a +1 sling (weapon)
Armour
 c - a +0 robe (worn)
 f - a +0 leather armour
 g - a +0 leather armour
 j - a +0 ring mail
Scrolls
 b - a scroll of poison
 h - a scroll of fear {unknown}
 i - 2 scrolls of identify
Potions
 d - 2 potions of attraction {unknown}
 e - a potion of berserk rage {unknown}

Dungeon Overview and Level Annotations

Branches:
Dungeon (1/15)

Altars:

Shops:
D:1 (=?


Message History

Enter note:
Enter note:
Enter note: You shoot a sling bullet.
The sling bullet hits the bat!
You kill the bat!
You see here a bat corpse.
Found a faded altar of an unknown god.
Enter note:
Enter note:
Enter note: A gnoll comes into view. It is wielding a +0 flail.
Enter note:
Enter note:
Enter note: You shoot a sling bullet.
The sling bullet hits the gnoll but does no damage.
The gnoll shouts!
You shoot a sling bullet.
The sling bullet barely misses the gnoll.
The gnoll misses you.
You shoot a sling bullet.
The sling bullet barely misses the gnoll.
The gnoll barely misses you.
You shoot a sling bullet. The sling bullet hits the gnoll.
The gnoll is lightly wounded.
The gnoll hits you with a +0 flail! The gnoll barely misses you.
You furiously retaliate!
You headbutt the gnoll. You shoot a sling bullet.
The sling bullet closely misses the gnoll.
The gnoll hits you with a +0 flail!
You shoot a sling bullet.
The sling bullet completely misses the gnoll.
The gnoll barely misses you.
You shoot a sling bullet. The sling bullet hits the gnoll.
The gnoll is heavily wounded.
The gnoll closely misses you.
You shoot a sling bullet. The sling bullet hits the gnoll.
The gnoll is severely wounded.
The gnoll hits you with a +0 flail!
You die...

#.# ##.##.##.#
#.#############.......#
#.....##.......###.....
#.###.##.#####.###.....
#.# #...............###
#.############.###..#.)
#..#8#.^8#####.# #..#.#
####.#.#^#..%..# #..#.#
#.g@..##.#### #.....
#.#....#.# ....
####....#.# #....
#.._....#.# #....
####....#.# #....
#.#......# #.....####
#^#.#^# #8#...#


You could see a gnoll.

Vanquished Creatures
  2 dart slugs (D:1)
  2 ball pythons (D:1)
  2 bats (D:1)
  3 goblins (D:1)
  2 quokkas (D:1)
  A frilled lizard (D:1)
12 creatures vanquished.

Notes
Turn   | Place    | Note
-------+----------+-------------------------------------------
     0 | D:1      | qw the Minotaur Hexslinger began the quest for the Orb.
     0 | D:1      | Reached XP level 1. HP: 16/16 MP: 1/1
     0 | D:1      | 0 ||| qw: Version: 0.3-a-46-gb1f654a
     0 | D:1      | 0 ||| qw: Game counter: 1969
     0 | D:1      | 0 ||| qw: Melee chars always use a shield: true
     0 | D:1      | 0 ||| qw: God list: Okawaru
     0 | D:1      | 0 ||| qw: Allow faded altars: false
     0 | D:1      | 0 ||| qw: Do Orc after clearing Dungeon:15 true
     0 | D:1      | 0 ||| qw: Do second Lair branch before Depths: true
     0 | D:1      | 0 ||| qw: Lair rune preference: random
     0 | D:1      | 0 ||| qw: Goals: Normal
     0 | D:1      | 0 ||| PLANNING D:1-11
   152 | D:1      | Found Fogaeza's Jewellery Shoppe.
   174 | D:1      | 174 ||| SHOPLISTING amulet "Netsuis" {Faith rF+ Will- Str+2
                  | SInv} (582 gold, have 37).
   174 | D:1      | 174 ||| SHOPLISTING amulet of Neurosis {rElec Will+ Regen+
                  | Str-3 Dex+4} (517 gold, have 37).
   174 | D:1      | 174 ||| SHOPLISTING ring of positive energy (200 gold, have
                  | 37).
   174 | D:1      | 174 ||| SHOPLISTING ring of protection from fire (250 gold,
                  | have 37).
   174 | D:1      | 174 ||| SHOPLISTING ring of resist corrosion (200 gold,
                  | have 37).
   174 | D:1      | 174 ||| SHOPLISTING ring of see invisible (150 gold, have
                  | 37).
   177 | D:1      | Found Kufuusac's Antique Weapon Emporium.
   234 | D:1      | Found Cupsumig's Magic Scroll Shop.
   243 | D:1      | 243 ||| BUYING scroll of identify (24 gold).
   243 | D:1      | Bought a scroll of identify for 24 gold pieces
   243 | D:1      | 243 ||| SHOPLISTING scroll of identify (24 gold, have 13).
   243 | D:1      | 243 ||| SHOPLISTING scroll of teleportation (36 gold, have
                  | 13).
   263 | D:1      | Reached skill level 3 in Ranged Weapons
   263 | D:1      | Reached XP level 2. HP: 20/23 MP: 2/2
   419 | D:1      | 419 ||| FLEEEEING.
   519 | D:1      | Found a faded altar of an unknown god.
   534 | D:1      | HP: 3/24 [gnoll/+0 flail (11)]
   537 | D:1      | Slain by a gnoll

Levels and vault maps discovered:
D:1:      scummos_arrival_checkerplants, layout_loops_cross, serial_shops, shop,
          shop, nicolae_shop_competitors_out_of_business,
          shapermc_ecumenical_altar_mp_highgroup, ebering_dispersal_statue_hall,
          minmay_pentomino_t2

Skill      XL: |  1  2 |
---------------+-------+-----
Ranged Weapons | 3 |  3.1
Fighting       | 2 |  2.0
Dodging        | |  2.1
Spellcasting   | |  1.0
Hexes          | |  2.0

Action                     || total
---------------------------++-------
   Fire: Sling             ||    42
  Dodge: Dodged            ||     8

Table legend:
 A = Non-vault XP
 B = Vault XP
 C = Vault XP percentage of total XP
 D = Non-vault monster count
 E = Vault monster count
 F = Vault count percentage of total count
                 A         B        C        D         E       F
            +---------+---------+-------+---------+---------+-------
      Total |      23 |       3 |  11.5 |      10 |       2 |  16.7
            +---------+---------+-------+---------+---------+-------
        D:1 |      23 |       3 |  11.5 |      10 |       2 |  16.7
            +---------+---------+-------+---------+---------+-------
